 Dungeon Crawl Stone Soup version 0.27-a0-1116-g91b3acb402 (webtiles) character file.

Game seed: 9526286380711306550

7 kodamatunes15 the Slasher (level 2, -1/21 HPs)
             Began as an Octopode Berserker on May 1, 2021.
             Was a Follower of Trog.
             Killed from afar by a dart slug (5 damage)
             ... with a slug dart
             ... on level 1 of the Dungeon.
             The game lasted 00:01:03 (103 turns).

kodamatunes15 the Slasher (Octopode Berserker)       Turns: 103, Time: 00:01:03

Health: -1/21      AC:  1    Str: 16    XL:     2   Next: 0%
Magic:  2/2        EV: 13    Int:  9    God:    Trog [*.....]
Gold:   8          SH:  0    Dex: 11    Spells: 1/1 levels left

rFire    . . .     SeeInvis .   a - +0 falchion
rCold    . . .     Faith    .   (no shield)
rNeg     . . .     Spirit   .   (helmet restricted)
rPois    .         Reflect  .   (no amulet)
rElec    .         Harm     .   (no ring)
rCorr    .         Rampage  .   (no ring)
Will     .....                  (no ring)
Stlth    ++........             (no ring)
HPRegen  0.07/turn              (no ring)
MPRegen  0.08/turn              (no ring)
                                (no ring)
                                (no ring)

@: no status effects
A: almost no armour, amphibious, 8 rings, camouflage 1, gelatinous body 1,
(nimble swimmer 1), tentacles
a: Renounce Religion, Berserk


You were on level 1 of the Dungeon.
You worshipped Trog.
Trog was aware of your devotion.
You visited 1 branch of the dungeon, and saw 1 of its levels.

You collected 8 gold pieces.

Inventory:

Hand Weapons
 a - a +0 falchion (weapon)
 c - a +0 short sword
Missiles
 b - 20 arrows


   Skills:
 + Level 3.1 Fighting
 + Level 3.2 Long Blades
 + Level 3.1 Dodging


You had one spell level left.
You didn't know any spells.
Your spell library was empty.

Dungeon Overview and Level Annotations

Branches:
Dungeon (1/15)

Altars:


Innate Abilities, Weirdness & Mutations

You cannot wear most types of armour.
You are amphibious.
You can wear up to eight rings at the same time.
Your skin changes colour to match your surroundings (Stealth+).
Your rubbery body absorbs attacks. (AC +1, EV +1)
((You are camouflaged near water. (Stealth+)))
You have tentacles for arms and can constrict up to eight enemies at once.


Message History

You kill the quokka!
Trog accepts your kill.
A dart slug comes into view.
You closely miss the hobgoblin. You grab the hobgoblin.
You squeeze the hobgoblin, but do no damage.
You constrict the hobgoblin.
The hobgoblin escapes!
You hit the hobgoblin.
You kill the hobgoblin!
Trog accepts your kill. The hobgoblin hits you.
* * * LOW HITPOINT WARNING * * *
You hit the hobgoblin but do no damage. You grab the hobgoblin.
You constrict the hobgoblin, but do no damage.
The hobgoblin hits you.
* * * LOW HITPOINT WARNING * * *
You hit the hobgoblin. You squeeze the hobgoblin.
You kill the hobgoblin!
Trog accepts your kill. The ball python closely misses you.
You riposte.
You closely miss the ball python. You grab the ball python.
The ball python grabs you.
* * * LOW HITPOINT WARNING * * *
The ball python constricts you.
You slash the ball python!
You kill the ball python!
Trog accepts your kill.
You have reached level 2!
You hit the dart slug. You grab the dart slug.
The dart slug is lightly wounded.
You constrict the dart slug. You hit the dart slug but do no damage.
The dart slug is moderately wounded.
You constrict the dart slug. The dart slug closely misses you.
The dart slug bites you but does no damage.
You slash the dart slug! You grab the dart slug.
The dart slug is severely wounded.
You constrict the dart slug. x2
The dart slug launches a dart at you. The slug dart hits you.
You die...

...........## #
.#.#.#.#.#.#.#†....## #
....................'###
#.#.#.#.#.#.#.#.....##..
..................##...
#.#.#.#.#.#.#...###.<.
..............## #...
#.#.#.#w#.#.#.#'## #....
......†@w.......# #..#.#
#.#.#.#.#.#.#.#.##...###
# ####..###.#.... #.##
....#. ... ....#. ....#
...## ..##.###.## #.# ..
.#


You could see 2 dart slugs.

Vanquished Creatures
  An endoplasm (D:1)
  2 hobgoblins (D:1)
  A quokka (D:1)
  2 ball pythons (D:1)
6 creatures vanquished.

Notes
Turn   | Place    | Note
-------+----------+-------------------------------------------
     0 | D:1      | kodamatunes15 the Octopode Berserker began the quest for
                  | the Orb.
     0 | D:1      | Reached XP level 1. HP: 16/16 MP: 1/1
   101 | D:1      | Reached XP level 2. HP: 4/21 MP: 2/2
   103 | D:1      | Killed from afar by a dart slug

Illustrated notes

Levels and vault maps discovered:
D:1:      dpeg_arrival_arbitrary_b, layout_loops_corners,
          shapermc_ecumenical_altar_flowoftime, st_stairs_11,
          kennysheep_flooded_box

Action                   || total
-------------------------++-------
Melee: Falchion          ||    11
       Constrict         ||     6
       Tentacles         ||     4
 Stab: Sleeping          ||     1
Armor: Skin              ||     1
Dodge: Dodged            ||     3
       Rpst.: Falchion   ||     2

Table legend: (Time is in decaauts)
 A = Elapsed time spent in this place.
 B = Non-inter-level travel time spent in this place.
 C = Inter-level travel time spent in this place.
 D = Time resting spent in this place.
 E = Time spent auto-exploring this place.
 F = Levels seen in this place.
 G = Mean time per level.
                   A        B        C        D        E       F      G
               +--------+--------+--------+--------+--------+-----+--------+
         Total |    104 |     30 |     74 |      0 |      0 |   1 |  104.0 |
       Dungeon |    104 |     30 |     74 |      0 |      0 |   1 |  104.0 |
               +--------+--------+--------+--------+--------+-----+--------+

Top non-repeatable levels by time:
     D:1: 104 daAuts
